 Dungeon Crawl Stone Soup version 0.22-a0-278-g8f80174 (webtiles) character file.

4795 torrenera the Arsonist (level 10, -9/69 HPs)
             Began as a Yellow Draconian Fire Elementalist on Mar 15, 2018.
             Was a Believer of Vehumet.
             Mangled by an unseen horror (12 damage)
             ... on level 11 of the Dungeon.
             The game lasted 00:27:21 (8883 turns).

torrenera the Arsonist (DrFE)                       Turns: 8883, Time: 00:27:22

Health: -9/69      AC:  7    Str: 11    XL:     10   Next: 24%
Magic:  0/30       EV: 12    Int: 18    God:    Vehumet [**....]
Gold:   382        SH:  0    Dex: 12    Spells: 9/24 levels left

rFire    . . .     SeeInvis .   A - +1 whip (freeze)
rCold    . . .     Gourm    .   (no shield)
rNeg     . . .     Faith    .   (armour unavailable)
rPois    .         Spirit   +   (helmet restricted)
rElec    .         Reflect  .   f - scarf {Spirit}
rCorr    +         Harm     .   (no gloves)
MR       .....                  (no boots)
Stlth    ++........             (no amulet)
HPRegen  0.21/turn              x - ring of magical power
MPRegen  0.22/turn              G - ring of flight

@: berserk cooldown, slowed, very slow
A: spit acid, acid resistance, unfitting armour, cold-blooded, AC +7
a: Breathe Acid, Renounce Religion, Evoke Flight


You were on level 11 of the Dungeon.
You worshipped Vehumet.
Vehumet was pleased with you.
You were hungry.

You visited 2 branches of the dungeon, and saw 10 of its levels.

You collected 382 gold pieces.

Inventory:

Hand Weapons
 w - a +2 flail of holy wrath
 y - a cursed -1 blowgun
 A - a +1 whip of freezing (weapon)
 E - a +0 scimitar
Missiles
 l - a javelin (quivered)
 r - 83 poisoned needles
Armour
 f - a scarf of spirit shield (worn)
 u - a +2 shield
Jewellery
 x - a ring of magical power (left hand)
 G - a ring of flight (right hand)
Wands
 j - a wand of iceblast (5)
 v - a wand of enslavement (9)
 F - a wand of paralysis (13)
 K - a wand of flame (5)
Scrolls
 a - a scroll of random uselessness {unknown}
 e - a scroll of blinking
 k - a scroll of immolation {unknown}
 t - a scroll of teleportation
 B - 2 scrolls of remove curse
 C - a scroll of fear
 D - 2 scrolls of amnesia {unknown}
 H - 2 scrolls of fog
 I - a scroll of enchant armour {unknown}
 J - 2 scrolls of magic mapping
Potions
 c - a potion of degeneration
 d - 2 potions of cancellation
 i - 2 potions of agility
 n - a potion of ambrosia {unknown}
 o - a potion of curing {unknown}
 p - a potion of flight {unknown}
 q - a potion of magic {unknown}
 s - 3 potions of lignification
 z - a potion of might {unknown}
Comestibles
 b - 16 rations


   Skills:
 - Level 1.7 Dodging
 - Level 1.7 Stealth
 - Level 7.8 Spellcasting
 * Level 8.2 Conjurations
 + Level 10.1 Fire Magic


You had 9 spell levels left.
You knew the following spells:

 Your Spells              Type           Power        Failure   Level  Hunger
a - Flame Tongue          Conj/Fire      #####        1%          1    None
b - Throw Flame           Conj/Fire      #####.       1%          2    None
c - Conjure Flame         Conj/Fire      #####...     1%          3    #......
d - Sticky Flame          Conj/Fire      #####...     2%          4    ###....
e - Fireball              Conj/Fire      #####.....   6%          5    #####..


Dungeon Overview and Level Annotations

Branches:
Dungeon (8/15)             Temple (1/1) D:4             Orc (0/2) D:11
   Lair: D:8-11

Altars:
Ashenzari
Cheibriados
Dithmenos
Elyvilon
Fedhas
Gozag
Hepliaklqana
Makhleb
Okawaru
Qazlal
Sif Muna
Trog
Uskayaw
Vehumet
Wu Jian
Yredelemnul
Zin
The Shining One


Innate Abilities, Weirdness & Mutations

You can spit globs of acid.
You are resistant to acid.
Your golden yellow scales are hard. (AC +7)
You cannot fit into any form of body armour.
You are cold-blooded and may be slowed by cold attacks.


Message History

You feel yourself moving faster!
You feel mighty!
Something hits you but does no damage. x2
You feel a strong urge to attack something.
Something hits you. Something hits you.
You feel your anger nearly subside.
You are no longer berserk.
You pass out from exhaustion.
You feel yourself slow down.
Something hits you but does no damage. x2
Something hits you! Something hits you.
* * * LOW HITPOINT WARNING * * *
You can move again.
Something hits you but does no damage. Something hits you.
* * * LOW HITPOINT WARNING * * *
You closely miss something. You tail-slap something. Something hits you!
* * * LOW HITPOINT WARNING * * *
Something hits you.
* * * LOW HITPOINT WARNING * * *
Something hits you!
You die...

### ### #.#########.#
####...........#
#....#########.# #{#### #.#
#.# #.#### #.# #.#..# #†#
##########@#..#
...............#.#..######
##...#########(..#.......####
#...# ##..##.###.....# #...#
#..##.# #..##.##### ....#
#..##.# #.......... ....#
##.##.# #...#.####.
.....######## #.##.# #...#.#
#. .........####..#.# #.#.#.#
#.


There were no monsters in sight!

Vanquished Creatures
  Pikel (D:7)
  An ugly thing (D:8)
  A kobold demonologist (D:11)
  A hornet (D:11)
  Prince Ribbit (D:4)
  A hippogriff (D:11)
  Sigmund (D:5)
  A wraith (D:11)
  Edmund (D:4)
  2 slaves (D:7)
  3 sky beasts
  An orc warrior (D:7)
  2 black bears
  An ice beast (D:8)
  2 phantoms (D:7)
  3 ogres
  2 centaurs
  2 bullfrogs
  2 big kobolds (D:11)
  An iguana (D:5)
  3 scorpions
  A howler monkey (D:7)
  A centaur zombie (D:4)
  A crimson imp (D:11)
  5 bullfrog zombies
  3 hounds
  2 jellies
  2 orc wizards
  2 orc priests
  A bullfrog skeleton (D:4)
  Jessica (D:3)
  2 worker ants
  2 killer bee zombies (D:5)
  A hound zombie (D:5)
  A hound skeleton (D:5)
  2 worker ant zombies
  11 gnolls
  5 adders
  A howler monkey skeleton (D:5)
  3 shadow imps
  2 adder zombies (D:4)
  3 worms (D:3)
  A dart slug (D:2)
  3 leopard geckos
  14 orcs
  9 bats
  5 giant cockroaches
  16 goblins
  5 hobgoblins
  5 jackals (D:3)
  A quokka (D:2)
  2 frilled lizards
  17 kobolds
  A leopard gecko skeleton (D:4)
  4 leopard gecko zombies (D:4)
  10 rats
178 creatures vanquished.

Vanquished Creatures (others)
  A slave (D:7)
  A centaur (D:5)
  A crimson imp (D:7)
  A leopard gecko (D:7)
4 creatures vanquished.

Grand Total: 182 creatures vanquished

Notes
Turn   | Place    | Note
-------+----------+-------------------------------------------
     0 | D:1      | torrenera the Draconian Fire Elementalist began the quest for the Orb.
     0 | D:1      | Reached XP level 1. HP: 14/14 MP: 3/3
   330 | D:1      | Reached XP level 2. HP: 20/20 MP: 0/5
   389 | D:1      | Learned a level 2 spell: Throw Flame
  1115 | D:2      | Reached XP level 3. HP: 18/26 MP: 1/6
  1160 | D:1      | Reached skill level 4 in Fire Magic
  1846 | D:2      | Reached XP level 4. HP: 9/33 MP: 0/8
  2320 | D:2      | Found a basalt altar of Yredelemnul.
  2591 | D:3      | Learned a level 3 spell: Conjure Flame
  2658 | D:3      | Reached XP level 5. HP: 38/38 MP: 0/10
  3044 | D:3      | Noticed Jessica
  3049 | D:3      | Killed Jessica
  3049 | D:3      | Reached skill level 5 in Fire Magic
  3326 | D:3      | Found an opulent altar of Gozag.
  3327 | D:3      | Found a glowing silver altar of Zin.
  3834 | D:3      | Learned a level 4 spell: Sticky Flame
  3848 | D:3      | Reached XP level 6. HP: 44/45 MP: 9/12
  4247 | D:4      | Reached skill level 5 in Spellcasting
  4275 | D:4      | Reached skill level 6 in Fire Magic
  4399 | D:4      | Found a staircase to the Ecumenical Temple.
  4466 | D:4      | Your scales start taking on a golden yellow colour.
  4466 | D:4      | Reached XP level 7. HP: 49/50 MP: 5/14
  4571 | D:4      | Found an iron altar of Okawaru.
  4572 | D:4      | Noticed Edmund
  4580 | D:4      | Killed Edmund
  4623 | D:5      | Entered Level 5 of the Dungeon
  4921 | D:5      | Noticed Prince Ribbit
  4935 | Temple   | Entered the Ecumenical Temple
  5006 | Temple   | Became a worshipper of Vehumet
  5067 | D:4      | Killed Prince Ribbit
  5162 | D:5      | Reached skill level 7 in Fire Magic
  5222 | D:5      | Reached XP level 8. HP: 51/57 MP: 7/17
  5275 | D:5      | Noticed Sigmund
  5284 | D:5      | Killed Sigmund
  5451 | D:5      | Found a burning altar of Makhleb.
  5478 | D:5      | Found a white marble altar of Elyvilon.
  5557 | D:5      | Found a hide-covered altar of Uskayaw.
  5789 | D:6      | Reached skill level 8 in Fire Magic
  6056 | D:6      | Learned a level 5 spell: Fireball
  6489 | D:7      | Noticed Pikel
  6534 | D:7      | Killed Pikel
  6534 | D:7      | Reached XP level 9. HP: 62/62 MP: 6/20
  6736 | D:7      | Reached skill level 9 in Fire Magic
  7066 | D:7      | Reached * piety under Vehumet
  7066 | D:7      | Offered knowledge of Sting by Vehumet.
  7136 | D:7      | Found a shattered altar of Ashenzari.
  7159 | D:7      | Reached skill level 5 in Conjurations
  7471 | D:7      | Found a glowing golden altar of the Shining One.
  7871 | D:8      | Noticed a green ugly thing
  7886 | D:8      | Killed a green ugly thing
  8036 | D:8      | You fall through a shaft for 3 floors!
  8330 | D:11     | Reached XP level 10. HP: 64/69 MP: 21/21
  8396 | D:11     | Found a staircase to the Orcish Mines.
  8556 | D:11     | Reached skill level 10 in Fire Magic
  8614 | D:11     | Reached ** piety under Vehumet
  8614 | D:11     | Offered knowledge of Sandblast by Vehumet.
  8837 | D:11     | Noticed an unseen horror
  8883 | D:11     | HP: 3/69 [something (5)]
  8883 | D:11     | Mangled by an unseen horror

Vault maps used:
D:1:      erik_arrival_cave_to_civilisation
D:2:      lemuel_round_altar
D:3:      grunt_temple_overflow_gold_and_silver, uniq_jessica
D:4:      minmay_temple_entry_butterflies, first_ration, serial_undead,
          serial_undead_a, serial_undead_c, serial_undead_f, serial_undead_c,
          serial_undead_d, okawaru_ov_weapons_minmay, uniq_edmund
D:5:      kennysheep_little_box, makhleb_grotto_becter, kennysheep_mini_moat,
          uniq_sigmund, uniq_prince_ribbit1
D:6:      corexii_shack_village
D:7:      tso_oasis_becter, overflow_temple_1_default, uniq_pikel
D:8:      nicolae_ru_awakened_eye, nicolae_benzene_ring
D:11:     orc_0_dummy, lab_entry_generic
Temple:   jpeg_temple_alley_garden

Skill      XL: |  1  2  3  4  5  6  7  8  9 10 |
---------------+-------------------------------+-----
Fire Magic     | 4 5 6 7 8 9 10 | 10.1
Spellcasting   | 3 4 5 6 7 |  7.8
Conjurations   | 3 7 8 |  8.2
Dodging        | |  1.7
Stealth        | |  1.7

Action                   |  1- 3 |  4- 6 |  7- 9 | 10-12 || total
-------------------------+-------+-------+-------+-------++-------
Melee: Dagger            |    52 |    69 |     1 |       ||   122
       Tailslap          |     3 |     8 |     7 |     1 ||    19
       Flail             |       |       |    35 |       ||    35
       Whip              |       |       |    72 |     9 ||    81
Throw: Javelin           |       |     2 |     7 |     1 ||    10
 Cast: Flame Tongue      |    57 |   153 |   141 |    34 ||   385
       Throw Flame       |       |     5 |       |       ||     5
       Sticky Flame      |       |       |    30 |     4 ||    34
       Conjure Flame     |       |       |     6 |     4 ||    10
 Abil: Breathe Acid      |       |       |     3 |       ||     3
Evoke: Wand              |       |       |     3 |     3 ||     6
  Use: Potion            |       |     2 |     1 |     3 ||     6
       Scroll            |       |       |     9 |       ||     9
 Stab: Sleeping          |     1 |     1 |       |       ||     2
  Eat: Chunk             |     4 |     8 |    13 |     2 ||    27
       Ration            |       |       |     1 |       ||     1
Armor: Skin              |    21 |    42 |    72 |    20 ||   155
Dodge: Dodged            |    54 |   122 |   121 |    11 ||   308

Table legend:
 A = Spawn XP
 B = Non-spawn XP
 C = Spawn XP percentage of total XP
 D = Spawn monster count
 E = Non-spawn monster count
 F = Spawn count percentage of total count
 G = Total turns spent on level
                    A         B        C        D         E        F      G
               +---------+---------+-------+---------+---------+-------+---------
         Total |       0 |    6850 |   0.0 |       0 |     176 |   0.0 |  8883
               +---------+---------+-------+---------+---------+-------+---------
           D:1 |       0 |      34 |   0.0 |       0 |      16 |   0.0 |  1633
           D:2 |       0 |     139 |   0.0 |       0 |      31 |   0.0 |   949
           D:3 |       0 |     190 |   0.0 |       0 |      34 |   0.0 |  1473
           D:4 |       0 |     991 |   0.0 |       0 |      25 |   0.0 |   940
           D:5 |       0 |     795 |   0.0 |       0 |      16 |   0.0 |   628
           D:6 |       0 |     432 |   0.0 |       0 |      14 |   0.0 |   730
           D:7 |       0 |    1887 |   0.0 |       0 |      19 |   0.0 |  1312
           D:8 |       0 |     736 |   0.0 |       0 |       4 |   0.0 |   262
          D:11 |       0 |    1646 |   0.0 |       0 |      17 |   0.0 |   847
               +---------+---------+-------+---------+---------+-------+---------
